Map: Curious Minds LE

Players

Pickle

  • Race: Terran Terran
  • League: Master
  • Spawn Location: 11:00

Pumba - Winner!

  • Race: Protoss Protoss
  • League: Diamond
  • Spawn Location: 5:00

VOD

Have the link to the VOD?

Description

Time

  • Played on: March 22, 2022, 5:38 p.m.
  • Length: 9:16
Show
View Real Time Build Order
Export as new Build Order

Pickle Terran 

Build Orders:  

Get SALT Encoding   

  12  0:00  SCV  
  13  0:12  SCV  
  14  0:17  Supply Depot  
  14  0:24  SCV  
  15  0:39  SCV  
  15  0:41  Barracks  
  16  0:45  Refinery  
  16  0:51  SCV  
  17  1:07  SCV  
  18  1:19  SCV  
  19  1:31  Marine  
  19  1:32  Orbital Command  
  20  1:48  Command Center  
  20  1:56  Supply Depot  
  20  2:00  SCV  
  21  2:09  Barracks Reactor  
  21  2:10  Factory  
  21  2:13  SCV  
  22  2:18  Refinery  
  22  2:25  SCV  
  23  2:31  Bunker  
  23  2:38  SCV  
  24  2:46  Marine  
  24  2:47  Marine  
  24  2:50  SCV  
  27  2:56  Starport  
  27  2:57  Hellion  
  29  3:07  Orbital Command  
  29  3:14  SCV  
  29  3:18  Widow Mine  
  32  3:26  SCV  
  33  3:35  SCV  
  33  3:36  Marine x2, Supply Depot  
  33  3:38  SCV  
  37  3:47  SCV  
  38  3:50  SCV  
  38  3:55  Widow Mine, Medivac  
  43  4:00  SCV  
  44  4:10  Command Center  
  44  4:12  SCV  
  44  4:13  SCV  
  46  4:18  Factory Tech Lab  
  46  4:22  Barracks  
  46  4:25  SCV  
  47  4:31  SCV  
  47  4:33  Starport Tech Lab  
  47  4:37  SCV  
  49  4:39  Barracks  
  49  4:40  Siege Tank  
  49  4:43  SCV  
  53  4:47  Marine  
  53  4:50  Supply Depot  
  54  4:53  Supply Depot  
  54  4:59  Refinery  
  54  5:00  Refinery  
  54  5:11  Marine, Raven  
  54  5:12  SCV x2  
  59  5:19  Barracks Tech Lab  
  59  5:20  Siege Tank  
  56  5:24  SCV x2  
  56  5:27  Supply Depot  
  58  5:29  Engineering Bay x2, Orbital Command  
  58  5:36  SCV x2  
  58  5:37  Stimpack  
  58  5:40  Barracks  
  60  5:43  Barracks  
  60  5:48  SCV x2  
  61  6:00  SCV  
  61  6:01  Siege Tank  
  61  6:02  Terran Infantry Weapons Level 1, Terran Infantry Armor Level 1  
  61  6:03  SCV x2  
  67  6:06  Marine  
  67  6:07  Starport Reactor, Supply Depot  
  67  6:09  Combat Shield  
  68  6:11  Marine  
  68  6:14  SCV  
  68  6:16  SCV  
  68  6:17  SCV  
  68  6:18  Marauder  
  74  6:22  Marauder  
  74  6:25  Marine, Orbital Command  
  76  6:31  SCV x2  
  79  6:34  Barracks Tech Lab, Barracks Reactor  
  79  6:39  Marauder  
  81  6:43  Siege Tank  
  81  6:44  Marauder  
  86  6:48  Marine x2  
  86  6:49  Medivac  
  86  6:50  Medivac  
  92  7:00  SCV x2, Supply Depot  
  94  7:01  Refinery  
  94  7:02  Supply Depot  
  94  7:04  Refinery  
  90  7:09  Marine x2  
  90  7:10  Marine x5  
  90  7:14  Concussive Shells  
  90  7:15  Siege Tank  
  100  7:19  Supply Depot  
  100  7:26  SCV x2  
  100  7:27  Marine x2  
  100  7:29  SCV  
  105  7:33  Armory  
  105  7:36  Ghost Academy  
  105  7:38  SCV x2  
  105  7:41  SCV  
  108  7:44  Supply Depot  
  108  7:45  Marauder x2  
  108  7:46  Marauder  
  108  7:50  SCV  
  115  7:52  Barracks, Marine  
  115  7:54  Barracks  
  115  7:55  Barracks, SCV x2  
  118  8:03  SCV  
  119  8:06  Medivac x2  
  119  8:07  Marauder x2  
  119  8:08  Marauder  
  126  8:12  Supply Depot  
  122  8:25  Marine  
  122  8:26  Marine x3  
  112  8:27  Marine  
  112  8:28  Marine x2  
  79  8:43  Marine x4  
  79  8:44  Barracks Tech Lab x3  
  79  8:46  Marine, Marauder x2  
Show
View Real Time Build Order
Export as new Build Order

Pumba Protoss - Winner!

Build Orders: 1 Gate Expand, Blink Stalkers 

Get SALT Encoding   

  12  0:00  Probe  
  13  0:13  Probe  
  14  0:17  Pylon  
  14  0:25  Probe  
  15  0:37  Probe (Chrono Boost)  
  15  0:38  Gateway  
  16  0:48  Assimilator, Probe (Chrono Boost)  
  17  0:53  Probe (Chrono Boost)  
  18  1:03  Probe  
  19  1:15  Probe  
  20  1:25  Nexus  
  20  1:34  Cybernetics Core  
  20  1:36  Probe  
  21  1:46  Assimilator  
  21  1:48  Probe  
  21  1:52  Pylon  
  21  2:00  Probe  
  22  2:07  Adept (Chrono Boost)  
  22  2:11  Warp Gate  
  22  2:12  Probe  
  25  2:24  Probe  
  25  2:27  Twilight Council  
  26  2:30  Stalker (Chrono Boost)  
  29  2:37  Probe (Chrono Boost)  
  29  2:38  Probe (Chrono Boost)  
  31  2:54  Probe x2 (Chrono Boost)  
  32  3:01  Probe  
  32  3:03  Probe  
  34  3:08  Blink (Chrono Boost)  
  34  3:13  Probe  
  34  3:15  Probe  
  34  3:19  Gateway  
  36  3:23  Gateway  
  36  3:25  Probe, Forge  
  37  3:28  Probe  
  38  3:47  Probe  
  39  3:49  Stalker  
  39  3:50  Probe  
  39  3:54  Pylon  
  42  3:59  Probe  
  42  4:01  Protoss Ground Weapons Level 1 (Chrono Boost)  
  43  4:03  Probe  
  44  4:14  Pylon  
  44  4:15  Nexus  
  44  4:19  Probe x2, Pylon  
  46  4:24  Stalker  
  46  4:30  Stalker  
  50  4:34  Stalker  
  50  4:36  Probe x2  
  54  4:48  Stalker, Probe  
  54  4:51  Probe  
  58  5:00  Probe  
  56  5:18  Probe x2  
  56  5:19  Stalker x3  
  64  5:27  Charge (Chrono Boost)  
  64  5:28  Probe  
  65  5:30  Probe x2  
  65  5:34  Gateway  
  67  5:38  Gateway  
  67  5:39  Gateway  
  67  5:42  Gateway  
  67  5:43  Gateway, Probe (Chrono Boost)  
  67  5:44  Probe (Chrono Boost)  
  67  5:47  Pylon  
  67  5:48  Probe (Chrono Boost)  
  70  5:51  Pylon  
  70  5:54  Probe x2 (Chrono Boost)  
  73  5:57  Protoss Ground Armor Level 1 (Chrono Boost)  
  73  5:58  Probe (Chrono Boost)  
  73  6:07  Probe  
  73  6:08  Probe  
  75  6:18  Sentry  
  75  6:21  Pylon  
  75  6:23  Nexus  
  75  6:24  Zealot x2  
  81  6:30  Zealot  
  81  6:31  Probe x3  
  86  6:43  Probe x2  
  86  6:44  Zealot x2  
  86  6:45  Zealot x5  
  102  6:49  Probe  
  102  6:53  Gateway  
  103  6:54  Gateway  
  103  6:55  Probe  
  103  6:56  Gateway, Probe  
  103  6:57  Gateway  
  103  6:59  Pylon  
  103  7:00  Pylon  
  105  7:01  Probe  
  105  7:07  Probe  
  107  7:22  Zealot x8  
  115  7:29  Pylon  
  123  7:33  Pylon  
  123  7:34  Photon Cannon, Probe x2  
  125  7:37  Pylon  
  125  7:40  Photon Cannon  
  125  7:41  Pylon  
  125  7:42  Pylon  
  125  7:44  Pylon  
  125  7:49  Zealot x6  
  132  8:07  Zealot  
  132  8:08  Zealot x5  
  132  8:11  Shield Battery  
  144  8:14  Pylon  
  132  8:29  Zealot  
  132  8:30  Zealot x9  
  144  8:46  Zealot x2  
  144  8:47  Probe x2  
  144  8:48  Probe x2  
  144  8:59  Probe, Nexus  
  144  9:00  Probe  
  144  9:02  Pylon  
Tags
 
Add a new tag
Caveats
  • Supply blocks, unpowered buildings, or Contaminate may cause inaccurate times.
  • Supply counts are checked every 10 seconds.